 Dungeon Crawl Stone Soup version 0.23-a0-586-gacb4b3f (console) character file.

234 Duffy the Firebug (level 6, -1/49 HPs)
             Began as a Naga Fire Elementalist on Dec 18, 2018.
             Slain by a slave (8 damage)
             ... led by Pikel
             ... on level 4 of the Dungeon.
             The game lasted 00:03:00 (2408 turns).

Duffy the Firebug (Naga Fire Elementalist)          Turns: 2408, Time: 00:03:01

Health: -1/49      AC:  4    Str: 11    XL:     6   Next: 5%
Magic:  3/10       EV: 10    Int: 17    God:
Gold:   32         SH:  3    Dex: 11    Spells: 3/11 levels left

rFire    . . .     SeeInvis +   (no weapon)
rCold    . . .     Gourm    .   (no shield)
rNeg     + . .     Faith    .   a - +0 robe
rPois    +         Spirit   .   j - +0 helmet
rElec    .         Reflect  +   (no cloak)
rCorr    .         Harm     .   (no gloves)
MR       .....                  (no barding)
Stlth    ++........             e - +3 amulet of reflection
HPRegen  0.16/turn              l - ring of positive energy
MPRegen  0.12/turn              (no ring)

@: very slightly contaminated, very slow
A: large, see invisible, deformed body, poison resistance, slowness 2, slow
metabolism 1, spit poison 1, AC +2
a: Spit Poison


You were on level 4 of the Dungeon.
You were not hungry.

You visited 1 branch of the dungeon, and saw 4 of its levels.

You collected 32 gold pieces.

Inventory:

Armour
 a - a +0 robe (worn)
 j - a +0 helmet (worn)
Jewellery
 e - a +3 amulet of reflection (around neck)
 l - a ring of positive energy (left hand)
Wands
 o - a wand of paralysis (11)
Scrolls
 b - 6 scrolls of remove curse {unknown}
 d - 2 scrolls of identify {unknown}
 i - a scroll of blinking {unknown}
 k - a scroll of teleportation {unknown}
 n - a scroll of enchant weapon {unknown}
 q - a scroll of enchant armour {unknown}
Potions
 f - a potion of curing {unknown}
 g - a potion of flight {unknown}
 h - 2 potions of lignification {unknown}
 m - a potion of brilliance {unknown}
Comestibles
 c - 4 rations
 p - 2 chunks of flesh


   Skills:
 - Level 1.5 Dodging
 - Level 3.0 Stealth
 + Level 3.2 Spellcasting
 + Level 4.1 Conjurations
 + Level 4.1 Fire Magic


You had 3 spell levels left.
You knew the following spells:

 Your Spells              Type           Power        Failure   Level  Hunger
h - Flame Tongue          Conj/Fire      ###..        3%          1    None
j - Sticky Flame          Conj/Fire      ###.....     30%         4    ####...
l - Conjure Flame         Conj/Fire      ###.....     10%         3    ###....

Your spell library contained the following spells:

 Spells                   Type           Power        Failure   Level  Hunger
 Throw Flame              Conj/Fire      ###...       4%          2    ##.....
 Inner Flame              Hex/Fire       #.......     22%         3    ###....
 Fireball                 Conj/Fire      ###.......   65%         5    ######.


Dungeon Overview and Level Annotations

Branches:
Dungeon (4/15)
 Temple: D:4-7

Altars:

Annotations:
D:4 Dowan, Duvessa


Innate Abilities, Weirdness & Mutations

You cannot wear boots.
Your serpentine skin is tough. (AC +2)
You have supernaturally acute eyesight. (SInv)
Armour fits poorly on your strangely shaped body.
Your system is resistant to poisons. (rPois)
You cover ground very slowly.
You have a slow metabolism.
You can spit poison.


Message History

The slave hits you! The slave hits you.
Really slither into that cloud of flame?
Okay, then.
The slave closely misses you. The slave hits you.
Casting: Sticky Flame (quite dangerous; 30% risk of failure)
Confirm with . or Enter, or press ? or * to list all spells.
Aiming: Sticky Flame (quite dangerous; 30% risk of failure)
Press: ? - help, Shift-Dir - straight line, f/p - slave
Aim: a slave, wearing a +0 animal skin You miscast Sticky Flame.
A wave of violent energy washes through your body!
The slave closely misses you. The slave barely misses you.
Duvessa, Sister of Dowan comes into view.
She is wielding a +0 short sword.
The slave hits you but does no damage.
Dowan, Brother of Duvessa comes into view.
He is wielding a +0 dagger.
The slave barely misses you. The slave closely misses you.
Duvessa gestures with her weapon.
The slave hits you!
You die...

...#######......#...##.
...........######......
.
#..........#....#......
..
#.........#....'......
.##.......%'....#...##.
...........#....######.
###.....#######.# #..
#...p.# ### #.. #..@p.#
##. #.....# ## #..e..#
#.....# #.....# #.....#
#.....# #...e.# #.....#


You could see Duvessa, 2 slaves and Dowan (sleeping).

Vanquished Creatures
  A sky beast (D:2)
  Jessica (D:2)
  An iguana (D:3)
  3 adders (D:2)
  An ooze (D:2)
  A worm (D:3)
  2 dart slugs
  2 leopard geckos
  9 bats
  2 giant cockroaches
  7 goblins
  5 hobgoblins
  2 jackals (D:4)
  A quokka (D:4)
  2 ball pythons (D:2)
  6 frilled lizards
  8 kobolds
  4 rats
58 creatures vanquished.

Vanquished Creatures (others)
  A fire vortex (D:4)
1 creature vanquished.

Grand Total: 59 creatures vanquished

Notes
Turn   | Place    | Note
-------+----------+-------------------------------------------
     0 | D:1      | Duffy the Naga Fire Elementalist began the quest for the
                  | Orb.
     0 | D:1      | Reached XP level 1. HP: 15/15 MP: 3/3
   264 | D:1      | Reached XP level 2. HP: 19/22 MP: 0/5
   924 | D:2      | Reached XP level 3. HP: 28/28 MP: 4/6
   936 | D:2      | Learned a level 3 spell: Conjure Flame
  1247 | D:2      | Noticed Jessica
  1247 | D:2      | Noticed a sky beast
  1273 | D:2      | Killed a sky beast
  1273 | D:2      | Reached XP level 4. HP: 24/36 MP: 3/8
  1273 | D:2      | Reached XP level 5. HP: 28/42 MP: 3/9
  1278 | D:2      | Killed Jessica
  2139 | D:3      | Reached XP level 6. HP: 31/49 MP: 1/10
  2257 | D:3      | Learned a level 4 spell: Sticky Flame
  2342 | D:4      | Noticed a slave
  2388 | D:4      | Noticed a slave
  2390 | D:4      | Noticed a slave
  2405 | D:4      | Noticed Duvessa
  2406 | D:4      | Noticed Dowan
  2408 | D:4      | Slain by a slave

Vault maps used:
D:1:      minmay_arrival_hallway
D:2:      minmay_misc_feat_hallway, minmay_fountain_box, uniq_jessica
D:3:      marbit_many_paths, grunt_ministairs_10, st_stairs_10
D:4:      old_standard_altar, nicolae_ashenzari_panopticon,
          grunt_dithmenos_smoke_and_mirrors, kennysheep_mini,
          grunt_temple_overflow_open, minmay_misc_feat_enclosed,
          uniq_crazy_yiuf_cottage, uniq_pikel, uniq_duvessa

Skill      XL: |  1  2  3  4  5 |
---------------+----------------+-----
Conjurations   | 2 3 4 |  4.1
Spellcasting   | 3 |  3.2
Fire Magic     | 4 |  4.1
Dodging        | |  1.5
Stealth        | |  3.0

Action                   |  1- 3 |  4- 6 || total
-------------------------+-------+-------++-------
Melee: Unarmed           |     2 |     3 ||     5
 Cast: Flame Tongue      |    46 |    55 ||   101
 Abil: Spit Poison       |    15 |     3 ||    18
  Eat: Chunk             |     2 |     3 ||     5
Armor: Robe              |    19 |    10 ||    29
Dodge: Dodged            |    26 |    27 ||    53
Block: Other             |     3 |     7 ||    10

Table legend:
 A = Non-vault XP
 B = Vault XP
 C = Vault XP percentage of total XP
 D = Non-vault monster count
 E = Vault monster count
 F = Vault count percentage of total count
                 A         B        C        D         E       F
            +---------+---------+-------+---------+---------+-------
      Total |     284 |      51 |  15.2 |      51 |       7 |  12.1
            +---------+---------+-------+---------+---------+-------
        D:1 |      33 |       0 |   0.0 |      19 |       0 |   0.0
        D:2 |     201 |      37 |  15.5 |      22 |       1 |   4.3
        D:3 |      42 |      14 |  25.0 |       6 |       6 |  50.0
        D:4 |       8 |       0 |   0.0 |       4 |       0 |   0.0
            +---------+---------+-------+---------+---------+-------
